 Dungeon Crawl Stone Soup version 0.28-a0-1002-gf00fe891ef (webtiles) character file.

Game seed: 4541951073622027602

67 ytrimaz the Insei (level 4, -3/29 HPs)
             Began as an Octopode Transmuter on Dec 6, 2021.
             Slain by a gnoll (6 damage)
             ... on level 3 of the Dungeon.
             The game lasted 00:02:51 (2132 turns).

ytrimaz the Insei (Octopode Transmuter)             Turns: 2132, Time: 00:02:51

Health: -3/29      AC:  2    Str:  9    XL:     4   Next: 18%
Magic:  1/8        EV: 19    Int: 17    God:
Gold:   108        SH:  0    Dex: 17    Spells: 4/8 levels left

rFire   . . .      SeeInvis .     - Unarmed
rCold   . . .      Faith    .   (shield currently unavailable)
rNeg    . . .      Spirit   .   (helmet currently unavailable)
rPois   x          Reflect  .   a - amulet of the acrobat
rElec   .          Harm     .   (no ring)
rCorr   .          Rampage  .   (no ring)
Will    .....                   (no ring)
Stlth   ++........              (no ring)
HPRegen 0.09/turn               (no ring)
MPRegen 0.11/turn               (no ring)
                                (no ring)
                                (no ring)

@: spider-form (expiring)
A: venomous fangs, almost no armour, (amphibious), 8 rings, tiny, (camouflage
1), (gelatinous body 1), (nimble swimmer 1), (tentacles)
a: End Transformation


You were on level 3 of the Dungeon.
You were a venomous arachnid creature.
You visited 1 branch of the dungeon, and saw 3 of its levels.

You collected 108 gold pieces.

Inventory:

Jewellery
 a - an amulet of the acrobat (around neck)
Potions
 b - a potion of curing
 c - a potion of might {unknown}
 d - a potion of magic {unknown}


   Skills:
 * Level 1.6 Fighting
 - Level 2.0 Dodging
 + Level 3.5 Unarmed Combat
 * Level 2.9 Spellcasting
 * Level 2.5 Transmutations


You had 4 spell levels left.
You knew the following spells:

 Your Spells              Type           Power      Damage    Failure   Level
a - Beastly Appendage     Tmut           22%        N/A       17%         1
b - Spider Form           Tmut/Pois      6%         N/A       52%         3

Your spell library contained the following spells:

 Spells                   Type           Power      Damage    Failure   Level
 Wereblood                Tmut           11%        N/A       24%         2
 Animate Skeleton         Necr           4%         N/A       38%         1
 Apportation              Tloc           4%         N/A       38%         1
 Summon Small Mammal      Summ           8%         N/A       38%         1
 Ensorcelled Hibernation  Hex/Ice        4%         N/A       47%         2
 Tukima's Dance           Hex            2%         N/A       69%         3
 Ice Form                 Ice/Tmut       6%         N/A       87%         4


Dungeon Overview and Level Annotations

Branches:
Dungeon (3/15)

Altars:
Elyvilon
Hepliaklqana
Qazlal


Innate Abilities, Weirdness & Mutations

You are a venomous arachnid creature.
You have poisonous fangs.
You are tiny and dextrous.
Your spellcasting is less reliable in this form.
Your armour is entirely melded.
You are incapable of wielding weapons or throwing items.
You cannot wear most types of armour.
((You are amphibious.))
You can wear up to eight rings at the same time.
((Your skin changes colour to match your surroundings (Stealth+).))
((Your rubbery body absorbs attacks. (AC +1, EV +1)))
((You are camouflaged near water. (Stealth+)))
((You have tentacles for arms and can constrict up to eight enemies at once.))


Message History

The gnoll is almost dead.
Your transformation is almost over.
You kill the gnoll!
The gnoll completely misses you.
You have reached level 4!
The gnoll misses you.
Things that are here:
a +0 whip; a gnoll corpse You completely miss the gnoll.
The gnoll barely misses you.
You hit the gnoll.
The gnoll is poisoned.
The gnoll is moderately wounded.
The gnoll hits you with a +0 halberd!
* * * LOW HITPOINT WARNING * * *
You barely miss the gnoll.
The gnoll is moderately wounded.
The gnoll closely misses you.
Your magical contamination has completely faded away.
Unknown command.
You hit the gnoll.
The gnoll looks as sick as possible!
The gnoll is severely wounded.
The gnoll misses you.
Unknown command.
The gnoll barely misses you.
You kill the gnoll!
The gnoll throws a stone.
The stone completely misses you.
Unknown command.
Your transformation has ended.
Casting: Spider Form (extremely dangerous; 30% risk of failure)
Confirm with . or Enter, or press ? or * to list all spells.
The spell is extremely dangerous to miscast (30% risk of failure)!
Continue anyway?
You turn into a venomous arachnid creature.
The gnoll throws a stone.
The stone hits you.
* * * LOW HITPOINT WARNING * * *
The gnoll completely misses you.
You barely miss the gnoll. The gnoll barely misses you.
You barely miss the gnoll. The gnoll misses you.
You barely miss the gnoll.
Your transformation is almost over.
The gnoll hits you with a +0 club.
You die...

.........#........#
########.##..#####.#
#....g..........##.#
##.######.##..##.##.##
#.............# ##...
#..######.#...# ####
#..# #g#...#
##..######)#...#
#....gs..........
#...#####.........
#.... #.........
...... #.##..##
#.###.#. #.# .... #
... ..#. #.# .... . ##
..#.. .# # # .. ..


You could see a gnoll.

Vanquished Creatures
  2 gnolls (D:3)
  3 dart slugs
  4 ball pythons
  3 endoplasms
  2 giant cockroaches (D:2)
  3 goblins
  3 hobgoblins
  A quokka (D:2)
  5 bats
  8 frilled lizards
  5 kobolds
  4 rats
43 creatures vanquished.

Notes
Turn   | Place    | Note
-------+----------+-------------------------------------------
     0 | D:1      | ytrimaz the Octopode Transmuter began the quest for the
                  | Orb.
     0 | D:1      | Reached XP level 1. HP: 13/13 MP: 3/3
   228 | D:1      | Reached XP level 2. HP: 18/18 MP: 3/5
   900 | D:1      | Found a faded altar of an unknown god.
   937 | D:1      | Reached XP level 3. HP: 23/23 MP: 6/6
  1564 | D:2      | Learned a level 3 spell: Spider Form
  1806 | D:3      | Found a hazy altar of Hepliaklqana.
  1806 | D:3      | Found a stormy altar of Qazlal.
  1965 | D:3      | Found a white marble altar of Elyvilon.
  2103 | D:3      | Reached XP level 4. HP: 9/29 MP: 0/8
  2105 | D:3      | HP: 1/29 [gnoll (8)]
  2132 | D:3      | Slain by a gnoll

Illustrated notes

Levels and vault maps discovered:
D:1:      matt_arrival_refuge, layout_loops_ring,
          hellmonk_ecumenical_altar_zigzags
D:2:      layout_loops_cross
D:3:      layout_basic, chequers_temple_overflow_statue_of_worship,
          mainiacjoe_overflow_paths

Action                   |  1- 3 |  4- 6 || total
-------------------------+-------+-------++-------
Melee: Unarmed           |    85 |     7 ||    92
       Constrict         |    22 |       ||    22
       Tentacles         |    14 |       ||    14
       Kick              |     8 |       ||     8
       Punch             |     3 |       ||     3
 Cast: Beastly Appendage |    14 |       ||    14
       Spider Form       |     1 |     1 ||     2
  Use: Scroll            |     6 |       ||     6
       Potion            |     1 |       ||     1
 Stab: Sleeping          |    10 |       ||    10
       Distracted        |     1 |       ||     1
Armor: Skin              |     3 |       ||     3
Dodge: Dodged            |    57 |     9 ||    66

Table legend: (Time is in decaauts)
 A = Elapsed time spent in this place.
 B = Non-inter-level travel time spent in this place.
 C = Inter-level travel time spent in this place.
 D = Time resting spent in this place.
 E = Time spent auto-exploring this place.
 F = Levels seen in this place.
 G = Mean time per level.
                   A        B        C        D        E       F      G
               +--------+--------+--------+--------+--------+-----+--------+
         Total |   2126 |   2095 |     31 |      0 |   1722 |   3 |  708.7 |
       Dungeon |   2126 |   2095 |     31 |      0 |   1722 |   3 |  708.7 |
               +--------+--------+--------+--------+--------+-----+--------+

Top non-repeatable levels by time:
     D:1: 987 daAuts
     D:2: 813 daAuts
     D:3: 324 daAuts
